 Dungeon Crawl Stone Soup version 0.31.0-32-g396128a36d (webtiles) character file.

Game seed: 15641186323894465751

4061 Peloso the Carver (level 10, -1/132 HPs)
             Began as a Minotaur Fighter on Mar 29, 2024.
             Was a Believer of Okawaru.
             Succumbed to a kobold brigand's poison
             ... on level 8 of the Dungeon.
             The game lasted 00:15:13 (8799 turns).

Peloso the Carver (Minotaur Fighter)                Turns: 8799, Time: 00:15:14

Health: -1/132     AC: 25    Str: 20    XL:     10   Next: 5%
Magic:  9/9        EV:  7    Int:  5    God:    Okawaru [**....]
Gold:   432        SH:  6    Dex: 15    Spells: 9/9 levels left

rFire   . . .        a - +0 long sword
rCold   + . .        d - +0 buckler
rNeg    . . .        t - +7 plate armour "Deurph" {rC+}
rPois   .            (helmet restricted)
rElec   .            c - +0 cloak
rCorr   .            k - +1 pair of gloves
SInv    .            (no boots)
Will    .....        (no amulet) Stlth
                     (no ring)
HPRegen 0.42/turn    (no ring)
MPRegen 0.11/turn

%: no passive effects
@: mighty, berserking, lethally poisoned (-1 -> -15), weakened, slowed, studying
Armour
A: horns 2, retaliatory headbutt
a: Renounce Religion, Heroism


You were on level 8 of the Dungeon.
You worshipped Okawaru.
Okawaru was pleased with you.
You visited 2 branches of the dungeon, and saw 9 of its levels.
You also visited: Sewer.

You collected 432 gold pieces.

Inventory:

Hand Weapons
 a - a +0 long sword (weapon)
 b - a +1 whip of flaming
Missiles
 x - 2 throwing nets (quivered)
Armour
 c - a +0 cloak (worn)
 d - a +0 buckler (worn)
 h - a +0 scale mail
 k - a +1 pair of gloves (worn)
 t - the +7 plate armour "Deurph" (worn) {rC+}
   (You found it on level 4 of the Dungeon)

   rC+:       It protects you from cold.
Talismans
 p - a flux talisman
Scrolls
 e - a scroll of fear
 j - a scroll of enchant armour
 l - 2 scrolls of noise {unknown}
 n - 2 scrolls of revelation
 o - a scroll of immolation
 q - a scroll of enchant weapon {unknown}
 w - a scroll of teleportation {unknown}
 y - a scroll of amnesia {unknown}
Potions
 f - 2 potions of cancellation
 g - 2 potions of might
 m - 2 potions of magic
 s - 3 potions of haste {unknown}
 u - 2 potions of heal wounds {unknown}
 v - a potion of brilliance {unknown}
 z - a potion of lignification


   Skills:
 + Level 7.9 Fighting
 + Level 11.1 Long Blades
 + Level 9.9 Armour
 + Level 2.9 Dodging
 + Level 1.3 Stealth
 + Level 7.2 Shields


You had 9 spell levels left.
You didn't know any spells.
Your spell library contained the following spells:

 Spells                   Type           Power      Damage    Failure   Level
 Freeze                   Ice            0%         1d3       100%        1
 Shock                    Conj/Air       0%         1d3       100%        1
 Slow                     Hex            0%         N/A       100%        1
 Sublimation of Blood     Necr           0%         N/A       100%        2
 Confusing Touch          Hex            0%         N/A       100%        3
 Frozen Ramparts          Ice            0%         1d1       100%        3
 Hailstorm                Conj/Ice       0%         3d5       100%        3
 Sigil of Binding         Hex            0%         N/A       100%        3
 Swiftness                Air            0%         N/A       100%        3
 Vampiric Draining        Necr           0%         2d6       100%        3
 Airstrike                Air            0%         2d(0-16)  100%        4
 Ignite Poison            Fire/Alch      0%         N/A       100%        4
 Petrify                  Alch/Erth      0%         N/A       100%        4
 Sticky Flame             Fire/Alch      0%         2d4       100%        4
 Irradiate                Conj/Alch      0%         3d11      100%        5
 Ignition                 Fire           0%         3d3       100%        8
 Summon Small Mammal      Summ           Unusable   N/A       N/A         1
 Call Canine Familiar     Summ           Unusable   N/A       N/A         3
 Summon Blazeheart Golem  Fire/Summ      Unusable   N/A       N/A         4

Dungeon Overview and Level Annotations

Branches:
Dungeon (8/15)             Temple (1/1) D:5           Sewer (visited)
   Lair: D:8-11

Altars:
Ashenzari
Cheibriados
Dithmenos
Elyvilon
Hepliaklqana
Kikubaaqudgha
Makhleb
Okawaru
Ru
Sif Muna
Trog
Uskayaw
Vehumet
Wu Jian
Xom
Yredelemnul
Zin
The Shining One

Shops:
D:7 [

Annotations:
D:8 1 transporter


Innate Abilities, Weirdness & Mutations

You have a pair of horns on your head.
You reflexively headbutt those who attack you in melee.


Message History

* * * LOW HITPOINT WARNING * * *
You feel extremely sick.
You hear a shout!
The orange demon stings you but does no damage.
The orange demon hits you but does no damage.
Your Long Blades skill increases to level 11!
You have reached level 10!
You barely miss the orange demon. You headbutt the orange demon.
The orange demon is moderately wounded.
* * * LOW HITPOINT WARNING * * *
You feel extremely sick.
The kobold brigand hits you but does no damage.
The orange demon stings you but does no damage.
The orange demon hits you but does no damage.
You slash the orange demon!
The orange demon is heavily wounded.
* * * LOW HITPOINT WARNING * * *
You feel extremely sick.
The kobold brigand hits you but does no damage.
The orange demon stings you but does no damage.
The orange demon hits you but does no damage.
You slash the orange demon!
The orange demon is severely wounded.
* * * LOW HITPOINT WARNING * * *
You feel very sick.
The kobold brigand hits you but does no damage.
The orange demon stings you but does no damage.
The orange demon hits you but does no damage.
You slash the orange demon!
The orange demon is almost dead.
* * * LOW HITPOINT WARNING * * *
You feel very sick.
A kobold comes into view. It is wielding a +0 short sword.
You block the kobold brigand's attack. You block the orange demon's attack.
The orange demon hits you.
* * * LOW HITPOINT WARNING * * *
You slash the orange demon!
You kill the orange demon!
Okawaru is honoured by your kill.
You die...

#..>......#.....#
#.........##....# ..
#........##..#..# #.#
#........##.#.#.# #..###
.#.......##..#..##......
.##......##....##......
.....)).###.....#..K...
...##)### #...#...#
....#.#####..#..@#.#
.........##.#...K)#..
......#####.........##
#.<.......###########
#.##..........
#.............
..............
......)........
#..............


You could see a kobold brigand and a kobold.

Vanquished Creatures
  Amaemon (D:8)
  An orange demon (D:8)
  A troll (D:7)
  Sigmund (D:4)
  A shadow (D:7)
  A steam dragon (D:7)
  A water moccasin (D:6)
  2 ice beasts (D:5)
  2 orc warriors (D:5)
  A black bear (D:5)
  An ogre (D:3)
  2 sky beasts (D:7)
  A centaur (D:7)
  A weeping skull (D:4)
  A phantom (D:5)
  8 kobold brigands
  2 gnoll sergeants
  A scorpion (D:6)
  A burial acolyte (D:6)
  A howler monkey (D:5)
  An orc priest (D:6)
  A bombardier beetle (D:5)
  2 jellies
  2 gnoll boudas
  4 hounds (D:5)
  4 iguanas
  3 orc wizards
  Robin (D:3)
  19 gnolls
  7 adders
  5 river rats
  A shadow imp (D:5)
  A white imp (D:5)
  An adder zombie (D:6)
  2 dart slugs (D:4)
  3 ribbon worms
  26 orcs
  7 endoplasms
  7 giant cockroaches
  19 goblins
  10 hobgoblins
  6 jackals (D:2)
  8 quokkas
  16 ball pythons
  3 bats
  2 frilled lizards (D:1)
  A jackal zombie (D:6)
  26 kobolds
  11 rats
  A spectral orc (D:4)
231 creatures vanquished.

Notes
Turn   | Place    | Note
-------+----------+-------------------------------------------
     0 | D:1      | Peloso the Minotaur Fighter began the quest for the Orb.
     0 | D:1      | Reached XP level 1. HP: 19/19 MP: 0/0
   158 | D:1      | Reached XP level 2. HP: 15/27 MP: 1/1
   446 | D:1      | Reached skill level 3 in Long Blades
   451 | D:1      | Reached XP level 3. HP: 26/33 MP: 2/2
  1449 | D:2      | Reached XP level 4. HP: 41/41 MP: 3/3
  1529 | D:2      | Identified the +0 ring mail of the Mantidfly {+Inv rPois
                  | Will- rCorr}
  1539 | D:2      | Found a faded altar of an unknown god.
  1549 | D:2      | Got Plato's Anthology of Ensorcelling
  1711 | D:2      | Reached skill level 4 in Long Blades
  1831 | D:3      | Found a shadowy altar of Dithmenos.
  1847 | D:3      | Noticed an ogre
  1855 | D:3      | Killed an ogre
  1856 | D:3      | Reached skill level 1 in Dodging
  1856 | D:3      | Reached XP level 5. HP: 23/47 MP: 4/4
  2105 | D:3      | Noticed Robin
  2132 | D:3      | Killed Robin
  2133 | D:3      | Reached skill level 5 in Long Blades
  2435 | D:3      | Found a radiant altar of Vehumet.
  2497 | D:3      | Found a shimmering altar of Xom.
  2706 | D:3      | Found a burning altar of Makhleb.
  2937 | D:4      | Identified the +7 plate armour "Deurph" {rC+}
  2967 | D:4      | Reached XP level 6. HP: 47/53 MP: 5/5
  3235 | D:4      | Reached skill level 5 in Armour
  3577 | D:4      | Found a basalt altar of Yredelemnul.
  3730 | D:4      | Noticed Sigmund
  3768 | D:4      | Killed Sigmund
  3769 | D:4      | Reached skill level 5 in Fighting
  3769 | D:4      | Reached skill level 6 in Long Blades
  3769 | D:4      | Reached XP level 7. HP: 15/61 MP: 6/6
  4120 | D:5      | Entered Level 5 of the Dungeon
  4292 | D:5      | Found a sacrificial altar of Ru.
  4336 | D:5      | Found a glowing drain.
  4351 | D:5      | Reached skill level 7 in Long Blades
  4379 | Sewer    | Entered a sewer
  4912 | Sewer    | Reached skill level 5 in Shields
  4912 | Sewer    | Reached XP level 8. HP: 64/70 MP: 7/7
  5276 | Sewer    | Reached skill level 8 in Long Blades
  5718 | D:5      | Found a staircase to the Ecumenical Temple.
  5731 | Temple   | Entered the Ecumenical Temple
  6048 | D:5      | Reached skill level 1 in Stealth
  6481 | D:5      | Reached XP level 9. HP: 66/78 MP: 8/8
  6614 | D:6      | Reached skill level 9 in Long Blades
  6937 | D:6      | Found an iron altar of Okawaru.
  7066 | D:6      | Became a worshipper of Warmaster Okawaru
  7252 | D:6      | Found an ancient bone altar of Kikubaaqudgha.
  7380 | D:7      | Noticed a troll
  7389 | D:7      | Killed a troll
  7646 | D:7      | Reached * piety under Okawaru
  7675 | D:7      | Found Vina Moa's Armour Shop.
  7687 | D:7      | Reached skill level 10 in Long Blades
  8683 | D:8      | Found a transporter.
  8783 | D:8      | Noticed Amaemon
  8790 | D:8      | Noticed an orange demon
  8794 | D:8      | Killed Amaemon
  8794 | D:8      | Reached ** piety under Okawaru
  8795 | D:8      | Reached skill level 11 in Long Blades
  8795 | D:8      | Reached XP level 10. HP: 29/88 MP: 9/9
  8798 | D:8      | HP: 2/132 [orange demon[Amaemon] (5)]
  8799 | D:8      | Killed an orange demon
  8799 | D:8      | Succumbed to a kobold brigand's poison

Illustrated notes

Levels and vault maps discovered:
D:1:      dpeg_arrival_shrine, layout_loops_corners, st_stairs_9,
          minmay_pentomino_u4
D:2:      layout_loops_ring, shapermc_ecumenical_altar_rom_forum
D:3:      layout_loops_ring, nicolae_dithmenos_through_a_glass_darkly,
          mainiacjoe_overflow_chevrons, lemuel_crystal_altar,
          mainiacjoe_overflow_24_doors, minmay_fractal_squares_5, uniq_robin
D:4:      nicolae_cairo_tiling_very_big, layout_cave_pods,
          yredelemnul_forgotten_temple_becter, uniq_sigmund
D:5:      layout_loops_ring, hangedman_ru_absence,
          minmay_temple_entry_offerings, portal_sewer_entry_c
D:6:      layout_rooms, lemuel_zombie_altar_kikubaaqudgha,
          nicolae_overflow_crystal_walls
D:7:      layout_basic, serial_shops, nicolae_shop_statue_plus,
          minmay_manual_maat
D:8:      layout_rooms, hangedman_decor_slide_cut,
          nicolae_transporter_intersection, uniq_joseph, uniq_amaemon
Temple:   hellmonk_temple_rainy

Skill      XL: |  1  2  3  4  5  6  7  8  9 |
---------------+----------------------------+-----
Fighting       | 4 5 6 7 |  7.9
Long Blades    | 3 4 5 6 7 8 11 | 11.1
Armour         | 4 5 6 8 9 |  9.9
Dodging        | 1 2 |  2.9
Shields        | 4 5 6 7 |  7.2
Stealth        | 1 |  1.3

Action                     |  1- 3 |  4- 6 |  7- 9 | 10-12 || total
---------------------------+-------+-------+-------+-------++-------
  Melee: Long sword        |   100 |   131 |   540 |     5 ||   776
         Headbutt          |    11 |    28 |   106 |     1 ||   146
    Use: Potion            |     2 |     2 |     4 |       ||     8
         Scroll            |       |     4 |    10 |       ||    14
 Armour: Scale mail        |    73 |    88 |     1 |       ||   162
         Plate armour      |       |       |   524 |    10 ||   534
  Dodge: Dodged            |    51 |    59 |   198 |       ||   308
  Block: Buckler           |    21 |    34 |   160 |     2 ||   217
